MWL (24 & UNDER)
WISCONSIN RAPIDS RANGERS @ COLUMBIA 08S
10/01/2027
 
TOP OF THE 1ST
Wisconsin Rapids Rangers batting - Pitching for Columbia 08s : RHP Jorge Amador
Pitching: RHP Jorge Amador
Batting: LHB Alberto Varela 0-0: Called Strike
0-1: Foul Ball, location: 2F
0-2: Ground out U3 (Groundball, 3)
Batting: LHB Javier Mejía 0-0: Ball
1-0: Foul Ball, location: 2F
1-1: Ball
2-1: Foul Ball, location: 2F
2-2: Ball
3-2: Ground out U3 (Groundball, 34)
Batting: RHB Wilfred Martin 0-0: Ball
1-0: Fly out, F9 (Flyball, 9S)
Top of the 1st over - 0 run(s), 0 hit(s), 0 error(s), 0 left on base; Wisconsin Rapids 0 - Columbia 0
BOTTOM OF THE 1ST
Columbia 08s batting - Pitching for Wisconsin Rapids Rangers : RHP Juan Contreras
Pitching: RHP Juan Contreras
Batting: RHB Álex Ochoa 0-0: Swinging Strike
0-1: Swinging Strike
0-2: Strikes out swinging
Batting: RHB Bill Bourland 0-0: Ball
1-0: SINGLE (Line Drive, 4D)
Batting: LHB Elvin Summers 0-0: Ball
1-0: Ball
2-0: Ball
3-0: Called Strike
3-1: Called Strike
3-2: Foul Ball, location: 2F
3-2: Foul Ball, location: 2F
3-2: Strikes out looking
Bill Bourland is caught stealing 2nd base
Batter strikes out.
Bottom of the 1st over - 0 run(s), 1 hit(s), 0 error(s), 0 left on base; Wisconsin Rapids 0 - Columbia 0
TOP OF THE 2ND
Wisconsin Rapids Rangers batting - Pitching for Columbia 08s : RHP Jorge Amador
Batting: LHB Luis Rodríguez 0-0: Swinging Strike
0-1: Foul Ball, location: 2F
0-2: Ball
1-2: Strikes out swinging
Batting: LHB Ronald Gordon 0-0: Ball
1-0: Foul Ball, location: 2F
1-1: DOUBLE (Flyball, 78D)
Batting: SHB Jacob Wilcox 0-0: Ball
1-0: Ball
2-0: Ball
3-0: Base on Balls
Batting: LHB Jean-Sébastien Beaudin 0-0: Foul Ball, location: 2F
0-1: Foul Ball, location: 2F
0-2: Ball
1-2: Foul Ball, location: 2F
1-2: Strikes out swinging
Batting: RHB Carlos Miranda 0-0: Ground out U3 (Groundball, 34S)
Top of the 2nd over - 0 run(s), 1 hit(s), 0 error(s), 2 left on base; Wisconsin Rapids 0 - Columbia 0
BOTTOM OF THE 2ND
Columbia 08s batting - Pitching for Wisconsin Rapids Rangers : RHP Juan Contreras
Batting: LHB Dave Raines 0-0: Ball
1-0: Foul Ball, location: 2F
1-1: Foul Ball, location: 2F
1-2: Strikes out looking
Batting: SHB Jorge Rodríguez 0-0: Ball
1-0: Called Strike
1-1: Ball
2-1: Fly out, F6 (Popup, 5D)
Batting: RHB James Hunter 0-0: Fly out, F9 (Flyball, 9LS)
Bottom of the 2nd over - 0 run(s), 0 hit(s), 0 error(s), 0 left on base; Wisconsin Rapids 0 - Columbia 0
TOP OF THE 3RD
Wisconsin Rapids Rangers batting - Pitching for Columbia 08s : RHP Jorge Amador
Batting: RHB Luis López 0-0: Ball
1-0: Ball
2-0: Called Strike
2-1: Ball
3-1: Ground out 1-3 (Groundball, 15)
Batting: LHB Alberto Varela 0-0: Called Strike
0-1: Ball
1-1: Ball
2-1: Ball
3-1: Base on Balls
Batting: LHB Javier Mejía 0-0: Called Strike
Alberto Varela is caught stealing 2nd base
0-1: Ball
1-1: Ball
2-1: Foul Ball, location: 2F
2-2: Fly out, F8 (Flyball, 8LM)
Top of the 3rd over - 0 run(s), 0 hit(s), 0 error(s), 0 left on base; Wisconsin Rapids 0 - Columbia 0
BOTTOM OF THE 3RD
Columbia 08s batting - Pitching for Wisconsin Rapids Rangers : RHP Juan Contreras
Batting: LHB Claudio Palácios 0-0: Ball
1-0: Called Strike
1-1: Foul Ball, location: 2F
1-2: Ball
2-2: Ground out 4-3 (Groundball, 4M)
Batting: RHB Carlos Estrada 0-0: Called Strike
0-1: DOUBLE (Line Drive, 7LM)
Batting: RHB Álex Martínez 0-0: Called Strike
0-1: Foul Ball, location: 2F
0-2: Foul Ball, location: 2F
0-2: Foul Ball, location: 2F
0-2: Strikes out swinging
Batting: RHB Álex Ochoa 0-0: Called Strike
0-1: Ball
1-1: Ball
2-1: Foul Ball, location: 2F
2-2: Strikes out swinging
Bottom of the 3rd over - 0 run(s), 1 hit(s), 0 error(s), 1 left on base; Wisconsin Rapids 0 - Columbia 0
TOP OF THE 4TH
Wisconsin Rapids Rangers batting - Pitching for Columbia 08s : RHP Jorge Amador
Batting: RHB Wilfred Martin 0-0: Ball
1-0: Called Strike
1-1: Swinging Strike
1-2: Ball
2-2: Foul Ball, location: 2F
2-2: Strikes out swinging
Batting: LHB Luis Rodríguez 0-0: Ball
1-0: Ball
2-0: Called Strike
2-1: Foul Ball, location: 2F
2-2: SINGLE (Line Drive, 9LS)
Batting: LHB Ronald Gordon 0-0: Foul Ball, location: 2F
0-1: Swinging Strike
0-2: Foul Ball, location: 2F
0-2: Foul Ball, location: 2F
0-2: DOUBLE (Line Drive, 7D)
Luis Rodríguez to third
Batting: SHB Jacob Wilcox 0-0: SINGLE (Flyball, 89S)
Luis Rodríguez scores
Ronald Gordon to third
Runner from 3rd tries for Home, SAFE, no throw
Batting: LHB Jean-Sébastien Beaudin 0-0: Ball
Jacob Wilcox steals 2nd base
1-0: Foul Ball, location: 2F
1-1: Swinging Strike
1-2: Strikes out looking
Batting: RHB Carlos Miranda 0-0: Ball
1-0: Called Strike
1-1: Ball
2-1: DOUBLE (Groundball, 5L)
Jacob Wilcox scores
Batting: RHB Luis López 0-0: Ball
1-0: Called Strike
1-1: Ball
2-1: Foul Ball, location: 2F
2-2: Ball
Wild Pitch!
Carlos Miranda to third
3-2: Foul Ball, location: 2F
3-2: Foul Ball, location: 2F
3-2: Base on Balls
Batting: LHB Alberto Varela 0-0: Ball
1-0: Ball
2-0: Ball
3-0: Called Strike
3-1: Fly out, F7 (Line Drive, 78M)
Top of the 4th over - 3 run(s), 4 hit(s), 0 error(s), 2 left on base; Wisconsin Rapids 3 - Columbia 0
BOTTOM OF THE 4TH
Columbia 08s batting - Pitching for Wisconsin Rapids Rangers : RHP Juan Contreras
Batting: RHB Bill Bourland 0-0: Called Strike
0-1: Foul Ball, location: 2F
0-2: Foul Ball, location: 2F
0-2: Ball
1-2: SOLO HOME RUN (Flyball, 7D), Distance : 390 ft
Batting: LHB Elvin Summers 0-0: Called Strike
0-1: Ball
1-1: DOUBLE (Groundball, 3L)
Batting: LHB Dave Raines 0-0: Foul Ball, location: 2F
0-1: Ball
1-1: Ball
2-1: Ball
3-1: Called Strike
3-2: Base on Balls
Pitching: RHP Valentín Mejía
Batting: SHB Jorge Rodríguez 0-0: Foul Ball, location: 2F
0-1: Foul Ball, location: 2F
0-2: Strikes out looking
Batting: RHB James Hunter 0-0: Ball
1-0: Ball
2-0: Called Strike
2-1: Ball
3-1: Called Strike
3-2: Foul Ball, location: 2F
3-2: Foul Ball, location: 2F
3-2: Fly out, F7 (Flyball, 7LD)
Batting: LHB Claudio Palácios 0-0: Foul Ball, location: 2F
0-1: Ball
1-1: Ball
2-1: Swinging Strike
2-2: Ball
3-2: Strikes out swinging
Bottom of the 4th over - 1 run(s), 2 hit(s), 0 error(s), 2 left on base; Wisconsin Rapids 3 - Columbia 1
TOP OF THE 5TH
Wisconsin Rapids Rangers batting - Pitching for Columbia 08s : RHP Jorge Amador
Batting: LHB Javier Mejía 0-0: Bunted foul
0-1: Ball
1-1: Foul Ball, location: 2F
1-2: Strikes out looking
Pitching: RHP Danny Johnston
Batting: RHB Wilfred Martin 0-0: Ground out 4-3 (Groundball, 34)
Batting: LHB Luis Rodríguez 0-0: Ball
1-0: Ball
2-0: Swinging Strike
2-1: Ground out 4-3 (Groundball, 4)
Top of the 5th over - 0 run(s), 0 hit(s), 0 error(s), 0 left on base; Wisconsin Rapids 3 - Columbia 1
BOTTOM OF THE 5TH
Columbia 08s batting - Pitching for Wisconsin Rapids Rangers : RHP Valentín Mejía
Batting: RHB Carlos Estrada 0-0: Called Strike
0-1: Hit by Pitch
Batting: RHB Álex Martínez 0-0: Called Strike
0-1: Ball
1-1: Ball
2-1: Ball
3-1: Base on Balls
Carlos Estrada to second
Batting: RHB Álex Ochoa 0-0: Ball
1-0: Ball
2-0: Fly out, F7 (Flyball, 78M)
Batting: RHB Bill Bourland 0-0: Called Strike
0-1: Ball
1-1: Ball
2-1: Foul Ball, location: 2F
2-2: Ball
3-2: Foul Ball, location: 2F
3-2: Fly out, F8 (Flyball, 8RS)
Batting: LHB Elvin Summers 0-0: Ball
1-0: SINGLE (Groundball, 3) (infield hit)
Carlos Estrada to third
Álex Martínez to second
Batting: LHB Dave Raines 0-0: Ball
1-0: Foul Ball, location: 2F
1-1: Foul Ball, location: 2F
1-2: Ball
2-2: DOUBLE (Line Drive, 7LS)
Carlos Estrada scores
Álex Martínez scores
Elvin Summers to third
Batting: SHB Jorge Rodríguez 0-0: Ball
1-0: Ball
2-0: DOUBLE (Flyball, 89M)
Elvin Summers scores
Dave Raines scores
Pitching: RHP Eugene Morgan
Batting: RHB James Hunter 0-0: Ball
1-0: Ground out 5-3 (Groundball, 56)
Bottom of the 5th over - 4 run(s), 3 hit(s), 0 error(s), 1 left on base; Wisconsin Rapids 3 - Columbia 5
TOP OF THE 6TH
Wisconsin Rapids Rangers batting - Pitching for Columbia 08s : RHP Danny Johnston
Batting: LHB Ronald Gordon 0-0: SINGLE (Groundball, 5D)
Batting: SHB Jacob Wilcox 0-0: Called Strike
0-1: Foul Ball, location: 2F
0-2: Strikes out swinging
Batting: LHB Jean-Sébastien Beaudin 0-0: Ball
1-0: Ball
2-0: Foul Ball, location: 2F
2-1: Ball
3-1: Called Strike
3-2: Base on Balls
Ronald Gordon to second
Batting: RHB Carlos Miranda 0-0: Foul Ball, location: 2F
0-1: Swinging Strike
0-2: Strikes out swinging
Batting: RHB Luis López 0-0: Swinging Strike
0-1: Foul Ball, location: 2F
0-2: Ball
1-2: Strikes out swinging
Top of the 6th over - 0 run(s), 1 hit(s), 0 error(s), 2 left on base; Wisconsin Rapids 3 - Columbia 5
BOTTOM OF THE 6TH
Columbia 08s batting - Pitching for Wisconsin Rapids Rangers : RHP Eugene Morgan
Batting: LHB Claudio Palácios 0-0: Ball
1-0: Ball
2-0: Foul Ball, location: 2F
2-1: Ball
3-1: Foul Ball, location: 2F
3-2: Foul Ball, location: 2F
3-2: SINGLE (Line Drive, 4D)
Batting: RHB Carlos Estrada 0-0: Ball
1-0: Swinging Strike
1-1: Ball
2-1: Grounds into double play, 1-6-3 (Groundball, 13)
Batting: RHB Álex Martínez 0-0: Ball
1-0: Swinging Strike
1-1: Ball
2-1: Foul Ball, location: 2F
2-2: Foul Ball, location: 2F
2-2: Strikes out swinging
Bottom of the 6th over - 0 run(s), 1 hit(s), 0 error(s), 0 left on base; Wisconsin Rapids 3 - Columbia 5
TOP OF THE 7TH
Wisconsin Rapids Rangers batting - Pitching for Columbia 08s : RHP Danny Johnston
Batting: LHB Alberto Varela 0-0: Ground out 4-3 (Groundball, 4)
Batting: LHB Javier Mejía 0-0: Ball
1-0: Ball
2-0: Ground out 4-3 (Groundball, 4)
Batting: RHB Wilfred Martin 0-0: Ball
1-0: SINGLE (Groundball, 34S) (infield hit)
Batting: LHB Luis Rodríguez 0-0: Called Strike
0-1: Ball
1-1: Ball
2-1: Called Strike
2-2: Foul Ball, location: 2F
2-2: Foul Ball, location: 2F
2-2: Foul Ball, location: 2F
2-2: Foul Ball, location: 2F
2-2: Strikes out swinging
Top of the 7th over - 0 run(s), 1 hit(s), 0 error(s), 1 left on base; Wisconsin Rapids 3 - Columbia 5
BOTTOM OF THE 7TH
Columbia 08s batting - Pitching for Wisconsin Rapids Rangers : RHP Eugene Morgan
Batting: RHB Álex Ochoa 0-0: Ball
1-0: Ground out 6-3 (Groundball, 6)
Batting: RHB Bill Bourland 0-0: Ground out 6-3 (Groundball, 6)
Batting: LHB Elvin Summers 0-0: Called Strike
0-1: SINGLE (Line Drive, 34D)
Batting: LHB Dave Raines 0-0: Called Strike
0-1: DOUBLE (Line Drive, 7LS)
Elvin Summers to third
Runner from 3rd tries for Home, SAFE, no throw
Batting: SHB Jorge Rodríguez 0-0: SINGLE (Groundball, 4MD)
Dave Raines to third
Runner from 3rd tries for Home, SAFE, no throw
Pitching: LHP Sam Olson
Batting: RHB James Hunter 0-0: Fly out, F9 (Flyball, 9LM)
Bottom of the 7th over - 2 run(s), 3 hit(s), 0 error(s), 1 left on base; Wisconsin Rapids 3 - Columbia 7
TOP OF THE 8TH
Wisconsin Rapids Rangers batting - Pitching for Columbia 08s : RHP Danny Johnston
Batting: LHB Ronald Gordon 0-0: Ball
1-0: Called Strike
1-1: Foul Ball, location: 2F
1-2: Ball
2-2: Ball
3-2: DOUBLE (Line Drive, 9LS)
Batting: SHB Jacob Wilcox 0-0: Ground out U3 (Groundball, 34)
Ronald Gordon to third
Batting: LHB Jean-Sébastien Beaudin 0-0: Called Strike
0-1: Foul Ball, location: 2F
0-2: Fly out, F7 (Flyball, 7S)
Batting: RHB Carlos Miranda 0-0: Ball
1-0: Ball
2-0: Called Strike
2-1: Ball
3-1: Ground out 6-3 (Groundball, 6)
Top of the 8th over - 0 run(s), 1 hit(s), 0 error(s), 1 left on base; Wisconsin Rapids 3 - Columbia 7
BOTTOM OF THE 8TH
Columbia 08s batting - Pitching for Wisconsin Rapids Rangers : LHP Sam Olson
Batting: LHB Claudio Palácios 0-0: Ball
1-0: Ball
2-0: Called Strike
2-1: SINGLE (Groundball, 56D)
Batting: RHB Carlos Estrada 0-0: Ball
Wild Pitch!
Claudio Palácios to second
1-0: Called Strike
1-1: Swinging Strike
1-2: Strikes out looking
Batting: RHB Álex Martínez 0-0: Intentional Walk
Batting: RHB Álex Ochoa 0-0: Called Strike
0-1: Ball
1-1: Swinging Strike
1-2: Ball
2-2: Foul Ball, location: 2F
2-2: Ball
3-2: Foul Ball, location: 2F
3-2: Strikes out swinging
Batting: RHB Bill Bourland 0-0: Ground out 5-3 (Groundball, 56S)
Bottom of the 8th over - 0 run(s), 1 hit(s), 0 error(s), 2 left on base; Wisconsin Rapids 3 - Columbia 7
TOP OF THE 9TH
Wisconsin Rapids Rangers batting - Pitching for Columbia 08s : RHP Danny Johnston
Pitching: LHP Henny van der Lack
Batting: RHB Luis López 0-0: Called Strike
0-1: Called Strike
0-2: Foul Ball, location: 2F
0-2: Strikes out swinging
Batting: LHB Alberto Varela 0-0: Called Strike
0-1: Foul Ball, location: 2F
0-2: Ball
1-2: Fly out, F6 (Line Drive, 6M)
Batting: LHB Javier Mejía 0-0: Called Strike
0-1: Swinging Strike
0-2: Ball
1-2: Fly out, F8 (Line Drive, 8LM)
Top of the 9th over - 0 run(s), 0 hit(s), 0 error(s), 0 left on base; Wisconsin Rapids 3 - Columbia 7
Thursday, March 30th, 2017 - OOTP Baseball 17.12 Build 75